 Dungeon Crawl Stone Soup version 0.25.1-2-g60ff931df9 (webtiles) character file.

Game seed: 7101996256084525671

1169 queenofzan the Skirmisher (level 8, -5/71 HPs)
             Began as a Hill Orc Fighter on Nov 1, 2020.
             Was a Follower of Beogh.
             Slain by an orc warrior
             ... wielding a +0 glaive of distortion
              (7 damage)
             ... on level 6 of the Dungeon.
             The game lasted 00:09:48 (5812 turns).

queenofzan the Skirmisher (Hill Orc Fighter)        Turns: 5812, Time: 00:09:48

Health: -5/71      AC:  9    Str: 19    XL:     8   Next: 40%
Magic:  8/8        EV:  9    Int:  8    God:    Beogh [*.....]
Gold:   208        SH:  5    Dex: 12    Spells: 7/7 levels left

rFire    . . .     SeeInvis +   A - +2 hand axe (drain)
rCold    . . .     Gourm    .   r - +0 buckler
rNeg     . . .     Faith    .   b - +0 scale mail
rPois    .         Spirit   .   (no helmet)
rElec    .         Reflect  .   (no cloak)
rCorr    .         Harm     .   (no gloves)
MR       .....                  n - +1 pair of boots
Stlth    ..........             (no amulet)
HPRegen  0.21/turn              x - ring of see invisible
MPRegen  0.11/turn              (no ring)

@: no status effects
A: no striking features
a: Renounce Religion


You were on level 6 of the Dungeon.
You worshipped Beogh.
Beogh was aware of your devotion.
You were not hungry.

You visited 2 branches of the dungeon, and saw 7 of its levels.
You visited the Abyss 1 time.

You collected 208 gold pieces.

Inventory:

Hand Weapons
 a - a +0 war axe
 A - a +2 hand axe of draining (weapon)
Armour
 b - a +0 scale mail (worn)
 c - a +0 kite shield
 i - a +0 chain mail
 n - a +1 pair of boots (worn)
 r - a +0 buckler (worn)
 u - +0 gold dragon scales
Jewellery
 k - an uncursed amulet of magic regeneration
 o - an uncursed ring of wizardry
 x - a ring of see invisible (left hand)
Wands
 d - a wand of polymorph (6)
Scrolls
 e - a scroll of immolation
 l - 4 scrolls of remove curse
 w - a scroll of teleportation {unknown}
 y - a scroll of identify
 B - a scroll of amnesia
Potions
 g - a potion of experience {unknown}
 h - 3 potions of flight
 m - 2 potions of curing
 p - a potion of resistance {unknown}
 q - a potion of stabbing {unknown}
 t - a potion of berserk rage {unknown}
 v - a potion of degeneration {unknown}
 z - a potion of haste {unknown}
Comestibles
 f - 6 rations
 j - 2 chunks of flesh


   Skills:
 + Level 6.9 Fighting
 + Level 6.9 Axes
 + Level 6.2 Armour
 + Level 6.2 Shields


You had 7 spell levels left.
You didn't know any spells.
Your spell library contained the following spells:

 Spells                   Type           Power        Failure   Level  Hunger
 Foxfire                  Conj/Fire      #...         75%         1    ##.....
 Conjure Flame            Conj/Fire      #.......     98%         3    ####...
 Inner Flame              Hex/Fire       #.......     98%         3    ####...
 Sticky Flame             Conj/Fire      #.......     100%        4    #####..
 Fireball                 Conj/Fire      #.........   100%        5    ######.


Dungeon Overview and Level Annotations

Branches:
Dungeon (6/15)             Temple (1/1) D:5

Altars:
Ashenzari
Dithmenos
Elyvilon
Fedhas
Gozag
Hepliaklqana
Makhleb
Nemelex Xobeh
Ru
Sif Muna
Trog
Uskayaw
Vehumet
Wu Jian
Xom
Yredelemnul
Zin


Message History

The howler monkey barely misses you.
You hit the howler monkey. You drain the howler monkey.
You kill the howler monkey!
Beogh accepts your kill.
You feel much better.
The orc warrior seems less drained.
The quokka bites you but does no damage.
The orc warrior hits you from afar with a +0 glaive of distortion.
Space bends around you.
You slash the quokka!
You kill the quokka!
Beogh accepts your kill.
The orc warrior hits you but does no damage.
You blink.
The orc warrior hits you from afar with a +0 glaive of distortion!!
* * * LOW HITPOINT WARNING * * *
Space bends around you.
* * * LOW HITPOINT WARNING * * *
The orc warrior hits you with a +0 glaive of distortion!
You die...
Beogh appreciates the orc warrior's killing of a heretic priest.

...#.###.. ###.# .#.#
.. ####.#.# .#.#
##.#.#....#.### .. .
............>#### .#. #
#.######.######.# ..^#
#####...............#
#. #
#......#####......#.#
+.......#########.#.#
#.#......so@....#.#.#.#
......!.#o#####.#...#.#
#.#...#..Z...##.#.###.#
#.. #.o....##.#.# #.#
#...#......##.#.###.#
#...'......##.......#
#...#......####.#####
#...........)†...#
#....##########..#


You could see an orc warrior, an orc and a giant cockroach.

Vanquished Creatures
  Prince Ribbit (D:5)
  2 ice beasts
  A sky beast (D:5)
  A scorpion (D:5)
  A howler monkey (D:6)
  A crimson imp (D:6)
  7 hounds
  A jelly (D:5)
  2 iguanas
  4 worker ants
  11 gnolls
  4 adders
  2 worms (D:2)
  2 leopard geckos
  5 orcs
  3 ball pythons
  8 giant cockroaches
  2 goblins (D:1)
  6 hobgoblins
  6 jackals
  3 kobolds
  3 quokkas
  6 bats
  7 frilled lizards
  A quokka skeleton (D:6)
  5 rats
95 creatures vanquished.

Vanquished Creatures (others)
  An orc priest (D:5)
  2 worker ants (D:5)
  A shadow imp (D:5)
  An orc (D:5)
5 creatures vanquished.

Grand Total: 100 creatures vanquished

Notes
Turn   | Place    | Note
-------+----------+-------------------------------------------
     0 | D:1      | queenofzan the Hill Orc Fighter began the quest for the
                  | Orb.
     0 | D:1      | Reached XP level 1. HP: 19/19 MP: 1/1
     1 | D:1      | Noticed an electric eel
   250 | D:1      | Reached XP level 2. HP: 27/27 MP: 2/2
   810 | D:2      | Reached XP level 3. HP: 11/33 MP: 3/3
  1066 | D:2      | Found an ornate altar of the Wu Jian Council.
  1612 | D:2      | Found an opulent altar of Gozag.
  1634 | D:2      | Reached XP level 4. HP: 39/40 MP: 4/4
  2005 | D:3      | Found a burning altar of Makhleb.
  2622 | D:3      | Found a hazy altar of Hepliaklqana.
  2856 | D:4      | Reached XP level 5. HP: 47/47 MP: 5/5
  3031 | D:4      | Reached skill level 5 in Fighting
  3031 | D:4      | Reached XP level 6. HP: 30/56 MP: 6/6
  3822 | D:4      | Found a sacrificial altar of Ru.
  3860 | D:4      | Reached skill level 5 in Axes
  4096 | D:5      | Entered Level 5 of the Dungeon
  4096 | D:5      | Noticed an ice beast
  4161 | D:5      | Became a worshipper of Beogh the Brigand
  4202 | D:5      | Found a staircase to the Ecumenical Temple.
  4294 | Temple   | Entered the Ecumenical Temple
  4297 | Temple   | Killed an ice beast
  4297 | Temple   | Reached skill level 5 in Armour
  4297 | Temple   | Reached skill level 5 in Shields
  4297 | Temple   | Reached XP level 7. HP: 41/62 MP: 7/7
  5018 | D:5      | Noticed Prince Ribbit
  5031 | D:5      | Killed Prince Ribbit
  5037 | D:5      | Reached XP level 8. HP: 30/71 MP: 8/8
  5259 | D:5      | Found a bloodstained altar of Trog.
  5337 | D:5      | Found a white marble altar of Elyvilon.
  5644 | D:6      | Found a shimmering altar of Xom.
  5692 | D:6      | Found a glowing silver altar of Zin.
  5692 | D:6      | Found a shimmering blue altar of Sif Muna.
  5769 | D:6      | Cast into level 1 of the Abyss (orc warrior)
  5772 | Abyss:1  | Found a corrupted altar of Lugonu.
  5784 | D:6      | Escaped the Abyss
  5807 | D:6      | Reached * piety under Beogh
  5811 | D:6      | HP: 1/71 [orc warrior/+0 glaive of distortion (5)]
  5812 | D:6      | Slain by an orc warrior

Illustrated notes

Levels and vault maps discovered:
D:1:      arrival_aquarium_a, layout_loops_ring
D:2:      layout_loops_ring, nicolae_overflow_crystal_walls,
          lemuel_crystal_altar, minmay_misc_feat_four_crosses
D:3:      layout_basic, nicolae_overflow_hidden_temple,
          overflow_temple_1_default
D:4:      layout_rooms, lemuel_doored_altar
D:5:      layout_cave_pools, minmay_temple_entry_sparse_star, first_ration,
          basic_altar, elyvilon_altar_1, uniq_prince_ribbit1
D:6:      layout_basic, lemuel_crystal_altar, kennysheep_slug_shrine,
          lemuel_crystal_altar, gammafunk_temple_overflow_elements,
          serial_shops, shop, chequers_serial_rivers_micro_e
Temple:   jpeg_temple_island

Skill      XL: |  1  2  3  4  5  6  7  8 |
---------------+-------------------------+-----
Axes           | 3 4 5 6 |  6.9
Fighting       | 4 5 6 |  6.9
Armour         | 4 5 6 |  6.2
Shields        | 4 5 6 |  6.2

Action                   |  1- 3 |  4- 6 |  7- 9 || total
-------------------------+-------+-------+-------++-------
Melee: War axe           |   125 |   171 |    49 ||   345
       Hand axe          |       |       |    50 ||    50
Invok: Convert to Beogh  |       |     1 |       ||     1
  Use: Scroll            |     1 |    11 |     3 ||    15
       Potion            |       |     3 |     2 ||     5
  Eat: Ration            |     1 |       |     2 ||     3
       Chunk             |       |     7 |     1 ||     8
Armor: Scale mail        |    72 |    97 |    42 ||   211
Dodge: Dodged            |    46 |    74 |    49 ||   169
Block: Kite shield       |    44 |       |       ||    44
       Buckler           |    10 |    52 |    33 ||    95
